[Event "Titled Tuesday Blitz July 11 Late 2023"]
[White "Svane, Frederik"]
[Black "Martinez Alcantara, Jose Eduardo"]
[WhiteFideId "12923044"]
[BlackFideId "3805662"]
[WhiteElo "2805"]
[BlackElo "3012"]
[Result "0-1"]
[Round "6"]
[TimeControl "180+2"]
[Date "2023.07.11"]
[WhiteClock "0:00:06"]
[BlackClock "0:00:07"]
[Board "10"]

1. Nf3 c5 2. g3 Nc6 3. Bg2 g6 4. O-O Bg7 5. c3 e5 6. e4 d6 7. d3 Nge7 8. a3 O-O 9. b4 h6 10. Be3 b6 11. Nbd2 Be6 12. Nh4 Qd7 13. Qc2 Rac8 14. b5 Nd4 15. Bxd4 cxd4 16. c4 g5 17. Nf5 Nxf5 18. exf5 Bxf5 19. Qb3 Bh3 20. Bxh3 Qxh3 21. a4 Kh8 22. a5 f5 23. Qd1 g4 24. f4 Rce8 25. fxe5 dxe5 26. Qe2 Qh5 27. axb6 axb6 28. Ra6 Qg5 29. Rxb6 e4 30. dxe4 Qe3+ 31. Qxe3 dxe3 32. Nb3 Rxe4 33. Rc6 Rd8 34. b6 e2 35. Re1 Rd1 36. Kf2 Rd3 37. b7 Rxb3 38. Rc8+ Kh7 39. b8=Q Bd4+ 40. Kg2 Rxb8 41. Rxb8 Bc3 42. Rbb1 Kg6 43. Kf2 Bd4+ 44. Kg2 Bc3 45. Kf2 Bxe1+ 46. Rxe1 Rxc4 47. Rxe2 h5 48. Re6+ Kg5 49. Re2 h4 50. gxh4+ Kxh4 51. Re8 Kg5 52. Re2 Rc3 53. Ra2 Rc4 54. Kg2 Rb4 55. Rc2 Kh4 56. Rc8 Rb2+ 57. Kg1 Kg5 58. Rc4 Rd2 59. Rb4 f4 60. Rb5+ Kh4 61. Rb8 f3 62. Rh8+ Kg5 63. Rg8+ Kf5 64. Rf8+ Ke6 65. Re8+ Kf7 66. Re4 Rg2+ 67. Kh1 Kf6 68. Re8 Kg5 69. Rg8+ Kf4 70. Rf8+ Ke3 71. Re8+ Kf2 72. Ra8 Rg1# 0-1


[Site "https://www.chess.com"]

[Event "Titled Tuesday Blitz July 11 Late 2023"]
[White "Bortnyk, Mykola"]
[Black "Zemlyanskii, Ivan"]
[WhiteFideId "14120836"]
[BlackFideId "24249971"]
[WhiteElo "2995"]
[BlackElo "2803"]
[Result "1-0"]
[Round "6"]
[TimeControl "180+2"]
[Date "2023.07.11"]
[WhiteClock "0:01:51"]
[BlackClock "0:00:19"]
[Board "11"]

1. e4 c5 2. c3 d5 3. exd5 Qxd5 4. d4 Nf6 5. Nf3 e6 6. Be3 cxd4 7. cxd4 Bb4+ 8. Nc3 Qa5 9. Qc2 O-O 10. Bd3 Bxc3+ 11. bxc3 b6 12. Ng5 h6 13. Nh7 Nbd7 14. Nxf8 Kxf8 15. O-O Bb7 16. c4 Rc8 17. Qe2 Qa3 18. Rab1 Be4 19. Bxe4 Nxe4 20. Bc1 Qc3 21. Qxe4 Nf6 22. Qe3 Qc2 23. Qb3 Qf5 24. Be3 Ne4 25. f3 1-0


[Site "https://www.chess.com"]

[Event "Titled Tuesday Blitz July 11 Late 2023"]
[White "Perez Ponsa, Federico"]
[Black "He, Anthony"]
[WhiteFideId "117927"]
[BlackFideId "2088215"]
[WhiteElo "2795"]
[BlackElo "2986"]
[Result "1-0"]
[Round "6"]
[TimeControl "180+2"]
[Date "2023.07.11"]
[WhiteClock "0:00:17"]
[BlackClock "0:00:02"]
[Board "12"]

1. e4 c5 2. Nf3 e6 3. d4 cxd4 4. Nxd4 Nc6 5. Nc3 Qc7 6. Be3 a6 7. Qd2 Nf6 8. f4 Bb4 9. Bd3 Na5 10. a3 Bxc3 11. Qxc3 Qxc3+ 12. bxc3 d5 13. exd5 Nxd5 14. Bd2 Nb6 15. Rb1 Nbc4 16. Rb4 Nxd2 17. Kxd2 Bd7 18. Rhb1 O-O-O 19. Be4 g5 20. g3 gxf4 21. gxf4 b5 22. a4 bxa4 23. Bd3 Kc7 24. Bxa6 Rhg8 25. Bb5 Rg2+ 26. Kd3 Bxb5+ 27. Rxb5 Ra8 28. R1b4 Rxh2 29. Rxa4 Rh3+ 30. Kd2 Rh2+ 31. Kc1 Nb3+ 32. cxb3 Rg8 33. Rg5 Rxg5 34. fxg5 Kd6 35. Ra7 e5 36. Nf5+ Ke6 37. Ng7+ Kd5 38. Rxf7 e4 39. Nf5 Ke6 40. Rf6+ Ke5 41. Ne3 h5 42. Rh6 Kf4 43. Nd1 Kxg5 44. Rh8 h4 45. b4 h3 46. b5 Rh1 47. Kc2 Rh2+ 48. Kb3 Rh1 49. Ne3 Kf4 50. Nd5+ Ke5 51. Nb4 h2 52. Kc4 e3 53. b6 e2 54. b7 e1=Q 55. Nd3+ 1-0


[Site "https://www.chess.com"]

[Event "Titled Tuesday Blitz July 11 Late 2023"]
[White "Bartel, Mateusz"]
[Black "Bok, Benjamin"]
[WhiteFideId "1112635"]
[BlackFideId "1017063"]
[WhiteElo "2791"]
[BlackElo "2983"]
[Result "0-1"]
[Round "6"]
[TimeControl "180+2"]
[Date "2023.07.11"]
[WhiteClock "0:00:00"]
[BlackClock "0:00:02"]
[Board "13"]

1. f4 d5 2. Nf3 g6 3. g3 Bg7 4. Bg2 b6 5. O-O Bb7 6. d3 Nf6 7. Nc3 O-O 8. Ne5 e6 9. e4 c5 10. Qe1 Na6 11. Kh1 Qc7 12. Bd2 Rad8 13. Rf2 Nb4 14. Rc1 a6 15. a3 Nc6 16. Nxc6 Bxc6 17. e5 Ng4 18. Re2 h5 19. Nd1 Rde8 20. Nf2 Nh6 21. c3 Qd7 22. Nh3 Nf5 23. Ng5 Bb5 24. c4 Bc6 25. Bc3 b5 26. cxd5 exd5 27. Bd2 Nd4 28. Rxc5 Nxe2 29. Qxe2 f6 30. Nf3 d4 31. Bb4 fxe5 32. Nxe5 Bxg2+ 33. Kxg2 Bxe5 34. Rxe5 Qd5+ 35. Rxd5 Rxe2+ 36. Kh3 Rc8 37. Kh4 Kf7 38. h3 Kf6 39. Rxd4 Rxb2 40. Rd6+ Kf5 41. Rxa6 Rd8 42. Be7 Rxd3 43. Rf6+ Ke4 44. Rxg6 Rbb3 45. Bb4 Kf5 46. Rg5+ Ke4 47. f5 Ke5 48. Be7 Rf3 49. f6+ Ke6 50. Kxh5 Rxg3 51. h4 Rbf3 52. Kg6 Rh3 53. h5 Rhg3 54. h6 Rxg5+ 55. Kxg5 Kf7 56. Bb4 Rf1 57. Bc3 Rg1+ 58. Kf5 Rh1 59. Bd2 Rh5+ 60. Ke4 Kxf6 61. Kd3 Ke6 62. Kc2 Kd5 63. Kb3 Rh4 0-1


[Site "https://www.chess.com"]

[Event "Titled Tuesday Blitz July 11 Late 2023"]
[White "Kramnik, Vladimir"]
[Black "Schmakel, Sam"]
[WhiteFideId "4101588"]
[BlackFideId "2039311"]
[WhiteElo "2972"]
[BlackElo "2794"]
[Result "1-0"]
[Round "6"]
[TimeControl "180+2"]
[Date "2023.07.11"]
[WhiteClock "0:01:39"]
[BlackClock "0:00:11"]
[Board "14"]

1. c4 g6 2. Nc3 Bg7 3. g3 Nf6 4. Bg2 O-O 5. d3 c6 6. e4 d6 7. Nge2 e5 8. O-O Na6 9. h3 Nc5 10. Be3 a5 11. Qd2 Rb8 12. f4 exf4 13. gxf4 b5 14. cxb5 cxb5 15. d4 b4 16. dxc5 bxc3 17. Nxc3 dxc5 18. Qf2 c4 19. Rad1 Qc7 20. e5 Nh5 21. Nd5 Qd8 22. Bc5 Kh8 23. Nf6 Qc7 24. Bd6 Qb6 25. Qxb6 Rxb6 26. Bxf8 Bxf8 27. Nxh5 1-0


[Site "https://www.chess.com"]

[Event "Titled Tuesday Blitz July 11 Late 2023"]
[White "Shimanov, Aleksandr"]
[Black "Priasmoro, Novendra"]
[WhiteFideId "4198603"]
[BlackFideId "7105029"]
[WhiteElo "2929"]
[BlackElo "2765"]
[Result "1-0"]
[Round "6"]
[TimeControl "180+2"]
[Date "2023.07.11"]
[WhiteClock "0:02:25"]
[BlackClock "0:00:40"]
[Board "15"]

1. d4 Nf6 2. Bg5 e6 3. Nd2 d5 4. e3 Be7 5. Bd3 h6 6. Bxf6 Bxf6 7. f4 b6 8. Qe2 a5 9. Ngf3 Ba6 10. O-O Bxd3 11. cxd3 O-O 12. Rac1 Qd6 13. Ne5 c5 14. Ndf3 Rc8 15. Rc2 Nd7 16. Rfc1 Rc7 17. Nxd7 Qxd7 18. dxc5 bxc5 19. Rxc5 Rxc5 20. Rxc5 Qd6 21. d4 a4 22. Qc2 Qb6 23. Ne1 g6 24. Nd3 Kg7 25. h3 h5 26. Rc6 Qb5 27. Rc7 Bd8 28. Rc5 Qb7 29. Kh2 h4 30. Ne5 Bf6 31. Rc7 1-0


[Site "https://www.chess.com"]

[Event "Titled Tuesday Blitz July 11 Late 2023"]
[White "Keymer, Vincent"]
[Black "Tanenbaum, Zachary"]
[WhiteFideId "12940690"]
[BlackFideId "2060850"]
[WhiteElo "2926"]
[BlackElo "2760"]
[Result "1-0"]
[Round "6"]
[TimeControl "180+2"]
[Date "2023.07.11"]
[WhiteClock "0:00:43"]
[BlackClock "0:00:00"]
[Board "16"]

1. a3 d5 2. Nf3 c5 3. b4 Nc6 4. bxc5 e5 5. Bb2 Bxc5 6. e3 Qe7 7. Bb5 Bd6 8. c4 a6 9. Qa4 Bd7 10. cxd5 Nb8 11. Bxd7+ Nxd7 12. e4 Nf6 13. d3 O-O 14. O-O b5 15. Qd1 Rfc8 16. Re1 Nb6 17. Ra2 Rc7 18. d4 Nc4 19. dxe5 Nxe5 20. Bxe5 Bxe5 21. Nxe5 Qxe5 22. Nd2 Re8 23. Nf3 Qf4 24. e5 Ng4 25. Rae2 Rce7 26. Re4 Qf5 27. d6 Rd7 28. h3 Nf6 29. Nh4 Qg5 30. exf6 Rxe4 31. Rxe4 h6 32. fxg7 Kh7 33. Rg4 1-0


[Site "https://www.chess.com"]

[Event "Titled Tuesday Blitz July 11 Late 2023"]
[White "Ibarra Jerez, Jose Carlos"]
[Black "Haydon, David L"]
[WhiteFideId "2226332"]
[BlackFideId "415405"]
[WhiteElo "2923"]
[BlackElo "2725"]
[Result "1-0"]
[Round "6"]
[TimeControl "180+2"]
[Date "2023.07.11"]
[WhiteClock "0:00:04"]
[BlackClock "0:00:00"]
[Board "17"]

1. e4 c6 2. Nf3 d5 3. d3 Bg4 4. h3 Bxf3 5. Qxf3 e6 6. g3 Nf6 7. Bg2 Bd6 8. Qe2 Qc7 9. O-O Nbd7 10. f4 dxe4 11. dxe4 e5 12. f5 h5 13. a4 Bc5+ 14. Kh1 a6 15. Nd2 a5 16. Nc4 Nb6 17. Nd2 Nbd7 18. Nc4 Nb6 19. Bg5 Nxc4 20. Qxc4 Qe7 21. Rad1 Bb6 22. Rd3 Qb4 23. Qb3 Rd8 24. Rxd8+ Bxd8 25. Qxb4 axb4 26. Rd1 Bc7 27. Bf3 Nd7 28. Kg2 f6 29. Bd2 Bd6 30. h4 Ke7 31. Be1 Nc5 32. b3 Nd7 33. Kf1 Bc5 34. Ke2 Bd6 35. Bf2 Nc5 36. Be3 Rd8 37. Bf2 b6 38. Be1 Rd7 39. Bxb4 Nxe4 40. Be1 Nc5 41. Bxc6 Rc7 42. Bd5 Na6 43. c3 Nc5 44. Ra1 Ra7 45. Bc4 Ne4 46. b4 Bc7 47. Bd3 Nd6 48. Kf3 Ra8 49. Be4 Ra7 50. Bf2 Ra6 51. Be3 Kd7 52. Bd3 Ra8 53. Be4 Ra6 54. Bc2 Ra8 55. Rg1 Rh8 56. g4 hxg4+ 57. Rxg4 Ne8 58. Bf2 Ke7 59. Bd3 Rh7 60. Bb5 Nd6 61. Bd3 Nf7 62. Be4 Nd6 63. Rg1 Kd7 64. Ra1 Kc8 65. a5 bxa5 66. bxa5 Nxe4 67. Kxe4 Rh8 68. a6 Kb8 69. Rb1+ Ka8 70. Rb7 Rc8 71. Kd5 Rd8+ 72. Ke4 Rc8 73. c4 Bb8 74. Kd5 Rd8+ 75. Ke4 Rc8 76. Rxg7 1-0


[Site "https://www.chess.com"]

[Event "Titled Tuesday Blitz July 11 Late 2023"]
[White "Jaferian, Koosha"]
[Black "Durarbayli, Vasif"]
[WhiteFideId "12507440"]
[BlackFideId "13402935"]
[WhiteElo "2723"]
[BlackElo "2919"]
[Result "0-1"]
[Round "6"]
[TimeControl "180+2"]
[Date "2023.07.11"]
[WhiteClock "0:00:00"]
[BlackClock "0:00:13"]
[Board "18"]

1. e4 c5 2. c3 d5 3. exd5 Qxd5 4. d4 Nf6 5. Nf3 e6 6. Na3 Nc6 7. Be3 Ng4 8. Bc4 Nxe3 9. fxe3 Qe4 10. Qe2 cxd4 11. Nb5 Rb8 12. Nbxd4 Nxd4 13. exd4 Qxe2+ 14. Kxe2 b5 15. Bd3 Bd6 16. Nd2 Ke7 17. Ne4 Bc7 18. Nc5 Rd8 19. h4 b4 20. Bxh7 bxc3 21. bxc3 Rb2+ 22. Kf3 Ba5 23. Rac1 Rxa2 24. Ra1 Rxa1 25. Rxa1 Bxc3 26. Rxa7+ Kf8 27. Be4 Bxd4 28. Ra5 f5 29. Bc6 Ke7 30. Nb3 Bb6 31. Rb5 Bg1 32. Ke2 Ba6 33. Na5 Bxb5+ 34. Bxb5 Kf6 35. Nc6 Rd6 36. Ba4 Bb6 37. Nb4 Rd4 0-1


[Site "https://www.chess.com"]

[Event "Titled Tuesday Blitz July 11 Late 2023"]
[White "Jaracz, Pawel"]
[Black "Gordievsky, Dmitry"]
[WhiteFideId "1102222"]
[BlackFideId "24112798"]
[WhiteElo "2719"]
[BlackElo "2910"]
[Result "0-1"]
[Round "6"]
[TimeControl "180+2"]
[Date "2023.07.11"]
[WhiteClock "0:00:00"]
[BlackClock "0:00:03"]
[Board "19"]

1. e4 c5 2. Nf3 e6 3. d4 cxd4 4. Nxd4 Nf6 5. Nc3 Nc6 6. Bf4 d6 7. Ndb5 e5 8. Bg5 a6 9. Na3 b5 10. Nd5 Be7 11. Bxf6 Bxf6 12. c4 b4 13. Nc2 a5 14. Be2 g6 15. O-O Bg7 16. Bf3 O-O 17. Qe2 h5 18. Rfd1 Be6 19. Rd2 Qb8 20. b3 a4 21. Rad1 axb3 22. axb3 Bh6 23. Nde3 Ra2 24. Qd3 Rd8 25. g3 Qa7 26. Kg2 Qc5 27. Re2 Rb2 28. Ra1 Kg7 29. Ra6 Bxe3 30. fxe3 Rxb3 31. Qxb3 Bxc4 32. Rxc6 Bxb3 33. Rxc5 dxc5 34. Ne1 Be6 35. Nc2 Rb8 36. Re1 c4 37. Rb1 b3 38. Na3 c3 39. Rc1 Ra8 40. Nb1 c2 41. Nd2 Rc8 0-1


[Site "https://www.chess.com"]

[Event "Titled Tuesday Blitz July 11 Late 2023"]
[White "Rustemov, Alexander"]
[Black "Rastbod, Ali"]
[WhiteFideId "4119002"]
[BlackFideId "12567477"]
[WhiteElo "2908"]
[BlackElo "2698"]
[Result "1-0"]
[Round "6"]
[TimeControl "180+2"]
[Date "2023.07.11"]
[WhiteClock "0:00:08"]
[BlackClock "0:00:00"]
[Board "20"]

1. d4 Nf6 2. c4 e6 3. Nf3 Bb4+ 4. Bd2 Qe7 5. g3 O-O 6. Bg2 Bxd2+ 7. Qxd2 b6 8. Nc3 Bb7 9. Qf4 Qb4 10. Qd2 Qxc4 11. O-O Qb4 12. a3 Qe7 13. Rfe1 Ne4 14. Nxe4 Bxe4 15. Qf4 d5 16. Rac1 c5 17. Ne5 Bxg2 18. Kxg2 f6 19. Nf3 Nc6 20. dxc5 bxc5 21. b4 c4 22. e4 Qf7 23. exd5 exd5 24. Qd6 Rac8 25. b5 Rfd8 26. Qf4 Na5 27. Nd4 Nb3 28. Nxb3 cxb3 29. Qb4 d4 30. Rxc8 Rxc8 31. Qxd4 Qb7+ 32. Qe4 Rb8 33. Qxb7 Rxb7 34. a4 a6 35. Rb1 axb5 36. Rxb3 b4 37. Kf3 Kf7 38. Ke4 Ke6 39. Kd4 Kd6 40. Kc4 Kc6 41. Rxb4 Re7 42. Kd3 Re1 43. h4 Ra1 44. Rc4+ Kd5 45. Rc7 g6 46. Rxh7 Ra3+ 47. Ke2 Rxa4 48. Rg7 Rg4 49. Kf3 f5 50. Re7 Kd6 51. Re8 Kd7 52. Re2 Kd6 53. Kg2 Ra4 54. Kf3 Rg4 55. Re3 Ra4 56. Re8 Rg4 57. Rg8 Ke6 58. Kg2 Kf6 59. Ra8 Re4 60. Ra6+ Kf7 61. Kf3 Rb4 62. Ra3 Re4 63. Rd3 Ra4 64. Ke3 Kf6 65. Rd6+ Kf7 66. Rd4 Ra2 67. f3 Ra6 68. Kf4 Kf6 69. Rc4 Rd6 70. Rb4 Rc6 71. Rd4 Ra6 72. g4 fxg4 73. fxg4 Rb6 74. g5+ Ke6 75. Ke4 Ra6 76. Rc4 Rb6 77. Kf4 Ra6 78. Kg4 Kf7 79. Rc7+ Kg8 80. Re7 Ra4+ 81. Kg3 Kf8 82. Re5 Kf7 83. Re3 Rb4 84. Rf3+ Ke6 85. Rf4 Rb3+ 86. Kg4 Rb1 87. Rf6+ Ke7 88. Rxg6 Rg1+ 89. Kh5 1-0


[Site "https://www.chess.com"]

[Event "Titled Tuesday Blitz July 11 Late 2023"]
[White "Moroni, Luca Jr"]
[Black "Goryachkina, Aleksandra"]
[WhiteFideId "865834"]
[BlackFideId "4147103"]
[WhiteElo "2846"]
[BlackElo "2688"]
[Result "1-0"]
[Round "6"]
[TimeControl "180+2"]
[Date "2023.07.11"]
[WhiteClock "0:00:04"]
[BlackClock "0:00:00"]
[Board "21"]

1. c4 Nf6 2. Nc3 c5 3. Nf3 Nc6 4. d4 cxd4 5. Nxd4 e6 6. a3 Bc5 7. Nb3 Bb6 8. c5 Bc7 9. g3 O-O 10. Bg2 b6 11. O-O Be5 12. cxb6 axb6 13. e4 Bb7 14. Be3 Rc8 15. Rc1 h6 16. Qe2 Na5 17. Nxa5 bxa5 18. Na4 Bc6 19. f4 Bc7 20. Nc3 Rb8 21. e5 Bxg2 22. Kxg2 Nh7 23. Rfd1 Re8 24. Rc2 Nf8 25. Nb5 Rb7 26. a4 Qb8 27. Rdc1 Bb6 28. Nd6 Bxe3 29. Qxe3 Rb3 30. Qe4 Rb4 31. Rc4 Rxc4 32. Rxc4 Rd8 33. Qc2 Qa8+ 34. Qe4 Qb8 35. Qc2 Qa8+ 36. Kg1 Qf3 37. Rc3 Qd5 38. Qd3 Qa8 39. f5 Rb8 40. b3 Qa7+ 41. Kg2 Qb6 42. Qf3 Qb4 43. fxe6 Nxe6 44. Qxf7+ Kh8 45. Qf3 Qd4 46. Qe3 Qd5+ 47. Qf3 Qd2+ 48. Kg1 Qe1+ 49. Kg2 Qd2+ 50. Kf1 Rf8 51. Nf7+ Rxf7 52. Rc8+ Kh7 53. Qxf7 Qd1+ 54. Kg2 Qd2+ 55. Qf2 Qd5+ 56. Qf3 Qd2+ 57. Kg1 Qe1+ 58. Qf1 Qxe5 59. Qf2 Qa1+ 60. Kg2 Qe5 61. Qc2+ g6 62. Rc4 Qd5+ 63. Kg1 Qe5 64. Qd2 Qf5 65. Qxd7+ Ng7 66. Qxf5 1-0


[Site "https://www.chess.com"]

[Event "Titled Tuesday Blitz July 11 Late 2023"]
[White "Rostomyan, Mikayel"]
[Black "Maksimovic, Bojan"]
[WhiteFideId "13313754"]
[BlackFideId "14408120"]
[WhiteElo "2644"]
[BlackElo "2843"]
[Result "0-1"]
[Round "6"]
[TimeControl "180+2"]
[Date "2023.07.11"]
[WhiteClock "0:00:05"]
[BlackClock "0:01:20"]
[Board "22"]

1. d4 Nf6 2. Nf3 d6 3. c4 g6 4. g3 Bg7 5. Bg2 O-O 6. O-O Nc6 7. Nc3 a6 8. d5 Na5 9. b3 c5 10. Bb2 Rb8 11. a4 e5 12. dxe6 Bxe6 13. Nd2 d5 14. cxd5 Nxd5 15. Qc1 Nb4 16. Nce4 b6 17. Bxg7 Kxg7 18. Qc3+ Qd4 19. Qf3 Qe5 20. Rac1 Rbd8 21. Nc4 Nxc4 22. bxc4 a5 23. h4 h6 24. Qe3 Rd4 25. Ng5 Qxe3 26. fxe3 Rd2 27. Nxe6+ fxe6 28. Rxf8 Kxf8 29. Be4 Kg7 30. Kf1 Na2 31. Rc2 Rxc2 32. Bxc2 Nb4 33. Bb1 Nc6 34. Kg2 Ne5 35. Bd3 g5 36. hxg5 hxg5 37. Kh3 Kf6 38. g4 Nc6 39. Kg3 Ke5 40. Kf3 Nb4 41. Bb1 Na6 42. Be4 Nc7 43. Bc2 Ne8 44. Bb1 Nd6 45. Bd3 Nc8 46. Bb1 b5 47. cxb5 Nb6 48. Bc2 c4 49. e4 Kd4 50. e5 Kc3 51. Bd1 Kd2 52. e4 Kxd1 53. Ke3 Kc2 54. Kd4 c3 55. Kc5 Nxa4+ 56. Kd6 Kd3 57. Kxe6 c2 58. Kf7 c1=Q 59. e6 Qf4+ 60. Kg7 Qxg4 0-1


[Site "https://www.chess.com"]

[Event "Titled Tuesday Blitz July 11 Late 2023"]
[White "Weishaeutel, Moritz"]
[Black "Kravtsiv, Martyn"]
[WhiteFideId "12967300"]
[BlackFideId "14113147"]
[WhiteElo "2636"]
[BlackElo "2830"]
[Result "1-0"]
[Round "6"]
[TimeControl "180+2"]
[Date "2023.07.11"]
[WhiteClock "0:00:10"]
[BlackClock "0:00:00"]
[Board "23"]

1. e4 e5 2. d4 exd4 3. Qxd4 Nc6 4. Qe3 Nf6 5. e5 Ng4 6. Qe4 d5 7. exd6+ Be6 8. Ba6 Nf6 9. Qa4 Qxd6 10. Bxb7 Bd7 11. Bxa8 Nd4 12. Qc4 Bb5 13. Qc3 Qe5+ 14. Kd1 Be2+ 15. Kd2 Bc5 16. Qe3 Nb3+ 17. Qxb3 Qf4+ 18. Kxe2 Qxf2+ 19. Kd1 Qf1+ 20. Kd2 O-O 21. Qd3 Qf2+ 22. Ne2 Rxa8 23. c3 Re8 24. Qf3 Qh4 25. Kc2 h6 26. Rd1 Ne4 27. Bf4 Nf2 28. Bg3 Qa4+ 29. b3 Qa6 30. Bxf2 Bxf2 31. Nd4 Be3 32. Re1 Qg6+ 33. Kb2 Qd3 34. Qe2 Bc1+ 35. Kxc1 Rxe2 36. Rxe2 c5 37. Re8+ Kh7 38. Nf3 Qf1+ 39. Re1 Qxg2 40. Nbd2 Qf2 41. Kc2 g5 42. Rf1 Qe3 43. Rae1 Qf4 44. Ne5 Qxh2 45. Rxf7+ Kg8 46. Rd7 Qh4 47. Ndf3 Qf4 48. Red1 Qf5+ 49. Kb2 g4 50. Rf7 Qxf7 51. Nxf7 Kxf7 52. Ne5+ 1-0


[Site "https://www.chess.com"]

[Event "Titled Tuesday Blitz July 11 Late 2023"]
[White "Talibov, Shiroghlan"]
[Black "Przybylski, Wojciech"]
[WhiteFideId "13429078"]
[BlackFideId "1117599"]
[WhiteElo "2817"]
[BlackElo "2573"]
[Result "1-0"]
[Round "6"]
[TimeControl "180+2"]
[Date "2023.07.11"]
[WhiteClock "0:00:07"]
[BlackClock "0:00:11"]
[Board "24"]

1. e4 e5 2. f4 d5 3. exd5 exf4 4. Nf3 Nf6 5. Bb5+ Bd7 6. Bxd7+ Qxd7 7. c4 Bd6 8. Qe2+ Kd8 9. O-O Re8 10. Qd1 b5 11. b3 c5 12. Nc3 b4 13. Nb5 h6 14. Nxd6 Qxd6 15. d4 Nbd7 16. dxc5 Qxc5+ 17. Kh1 g5 18. a3 Ng4 19. Nd4 Nf2+ 20. Rxf2 Qxd4 21. Qxd4 Re1+ 22. Rf1 Rxf1+ 23. Qg1 Rxg1+ 24. Kxg1 Rb8 25. Bd2 Nc5 26. Bxb4 Nxb3 27. Re1 a5 28. Bc3 Rc8 29. Bf6+ Kd7 30. Rb1 a4 31. Bg7 Rxc4 32. Bxh6 f6 33. Bg7 Ke7 34. d6+ Kf7 35. Rd1 Rc8 36. d7 Rd8 37. Bh8 Nc5 38. Rd6 Nxd7 39. Bxf6 Rc8 40. Bxg5 Ne5 41. Bxf4 Nc4 42. Ra6 Nxa3 43. Rxa4 Nc4 44. g3 Ke6 45. Kg2 Kf5 46. Ra7 Ke4 47. h4 Nb6 48. Re7+ Kf5 49. Kh3 Nc4 50. Rf7+ Ke6 51. Ra7 Kf5 52. h5 Rh8 53. h6 Nb6 54. Ra5+ Ke4 55. Kg4 Nd5 56. Ra6 Rg8+ 57. Bg5 Ne3+ 58. Kh5 Nf5 59. g4 Nd4 60. h7 Rf8 61. Bf6 Ne6 62. h8=Q Kd5 63. Qxf8 Nxf8 64. g5 Ne6 65. Rxe6 Kxe6 66. Kh6 Kf7 67. Kh7 Kf8 68. Ba1 Kf7 69. g6+ Ke6 70. g7 Kf5 71. g8=Q Ke4 72. Qf7 Kd3 73. Bh8 Ke4 74. Kg6 Ke3 75. Qf5 Kd2 76. Kg5 Ke2 77. Kf4 Ke1 78. Qc2 Kf1 79. Kf3 Kg1 80. Qg2# 1-0


[Site "https://www.chess.com"]

[Event "Titled Tuesday Blitz July 11 Late 2023"]
[White "Ovchinnikov, Vsevolod"]
[Black "Nepomniachtchi, Ian"]
[WhiteFideId "24176842"]
[BlackFideId "4168119"]
[WhiteElo "2645"]
[BlackElo "3096"]
[Result "0-1"]
[Round "6"]
[TimeControl "180+2"]
[Date "2023.07.11"]
[WhiteClock "0:00:02"]
[BlackClock "0:02:19"]
[Board "25"]

1. d4 g6 2. Nf3 Bg7 3. c4 f5 4. g3 Nf6 5. Bg2 O-O 6. O-O d6 7. b3 a5 8. Bb2 a4 9. Nbd2 Nc6 10. Qc2 Nb4 11. Qb1 c6 12. a3 Na6 13. b4 Nc7 14. Qc2 Bd7 15. Rad1 b5 16. e3 Rc8 17. Rc1 h6 18. Rfd1 Kh7 19. Ne1 Qe8 20. Nd3 Be6 21. cxb5 cxb5 22. Qc6 Bd5 23. Qxe8 Rfxe8 24. Rc2 Bxg2 25. Kxg2 Ncd5 26. Rdc1 Nb6 27. Rxc8 Rxc8 28. Rxc8 Nxc8 29. Nb1 Nd5 30. Nf4 Nc7 31. Nd3 Nb6 32. Kf1 g5 33. Ke2 Kg6 34. f3 Nc4 35. Nd2 Kf7 36. Bc1 Nb6 37. Bb2 e6 38. e4 Nc4 39. exf5 exf5 40. Nxc4 bxc4 41. Ne1 Nb5 42. Nc2 Ke6 43. Ke3 Kd5 44. h3 c3 45. Bc1 Kc4 46. g4 f4+ 47. Ke4 Nxd4 48. Nxd4 Bxd4 0-1


[Site "https://www.chess.com"]

[Event "Titled Tuesday Blitz July 11 Late 2023"]
[White "Hong, Andrew"]
[Black "Fantinel, Thibault"]
[WhiteFideId "2099438"]
[BlackFideId "663395"]
[WhiteElo "3071"]
[BlackElo "2646"]
[Result "1/2-1/2"]
[Round "6"]
[TimeControl "180+2"]
[Date "2023.07.11"]
[WhiteClock "0:00:04"]
[BlackClock "0:00:07"]
[Board "26"]

1. e4 c5 2. Nf3 e6 3. d4 cxd4 4. Nxd4 Nf6 5. Nc3 Nc6 6. Nxc6 bxc6 7. e5 Nd5 8. Ne4 Qc7 9. f4 Qb6 10. a3 a5 11. Bd3 Be7 12. Qe2 f5 13. Nd6+ Bxd6 14. exd6 O-O 15. c4 Nf6 16. Be3 c5 17. O-O-O Bb7 18. h3 Ne4 19. Rhg1 Qb3 20. g4 Bc6 21. Qc2 Rab8 22. gxf5 exf5 23. Qxb3 Rxb3 24. Bxe4 Bxe4 25. Bxc5 Rc8 26. Bd4 Rxc4+ 27. Bc3 g6 28. h4 a4 29. Rg3 Kf7 30. h5 Rc6 31. hxg6+ hxg6 32. Rd4 Ra6 33. Rd2 Rbb6 34. Rh2 Rxd6 35. Rh7+ Ke6 36. Rxg6+ Kd5 37. Rxd7 Rxd7 38. Rxa6 Kc4 39. Rxa4+ Kd3 40. Rb4 Ke3 41. a4 Kxf4 42. a5 Ke3 43. a6 f4 44. a7 Rd8 45. Rb8 Rd7 46. a8=Q Bxa8 47. Rxa8 f3 48. Re8+ Kf2 49. Kc2 Kf1 50. Rf8 f2 51. b4 Ke2 52. Re8+ Kf3 53. Rf8+ Kg2 54. Rg8+ Kf3 55. Rf8+ Kg2 56. Kb3 f1=Q 57. Rxf1 Kxf1 58. Kc4 Rb7 59. Bd4 Rxb4+ 60. Kxb4 1/2-1/2


[Site "https://www.chess.com"]

[Event "Titled Tuesday Blitz July 11 Late 2023"]
[White "Martinez Ramirez, Lennis"]
[Black "Duda, Jan-Krzysztof"]
[WhiteFideId "3509079"]
[BlackFideId "1170546"]
[WhiteElo "2641"]
[BlackElo "3040"]
[Result "1-0"]
[Round "6"]
[TimeControl "180+2"]
[Date "2023.07.11"]
[WhiteClock "0:01:37"]
[BlackClock "0:00:00"]
[Board "27"]

1. c4 e5 2. Nc3 Nf6 3. a3 c6 4. d4 exd4 5. Qxd4 d5 6. Bg5 Be7 7. e3 h6 8. Bxf6 Bxf6 9. Qd2 d4 10. exd4 Qxd4 11. Nf3 Qxd2+ 12. Kxd2 Bg4 13. Re1+ 1-0


[Site "https://www.chess.com"]

[Event "Titled Tuesday Blitz July 11 Late 2023"]
[White "Ehlvest, Jaan"]
[Black "Bluebaum, Matthias"]
[WhiteFideId "4500016"]
[BlackFideId "24651516"]
[WhiteElo "2623"]
[BlackElo "3038"]
[Result "0-1"]
[Round "6"]
[TimeControl "180+2"]
[Date "2023.07.11"]
[WhiteClock "0:00:00"]
[BlackClock "0:00:05"]
[Board "28"]

1. e4 c6 2. d4 d5 3. exd5 cxd5 4. Bd3 Nc6 5. c3 Qc7 6. h3 e6 7. Nf3 Bd6 8. O-O Nge7 9. Re1 O-O 10. a4 Bd7 11. Na3 a6 12. Nc2 f6 13. c4 dxc4 14. Bxc4 Nd5 15. Bd3 Rac8 16. Bd2 Qb6 17. a5 Qb3 18. Qe2 Nce7 19. Na3 Bxa3 20. bxa3 Qa4 21. Rab1 Rc7 22. Qe4 Ng6 23. h4 f5 24. Qe2 Ngf4 25. Bxf4 Nxf4 26. Qe5 Nxd3 27. Qxc7 Nxe1 28. Rxe1 Qc6 29. Qf4 Qd5 30. Re5 Qd6 31. h5 h6 32. Qe3 Rc8 33. Nh4 Qc7 34. Ng6 Qc1+ 35. Kh2 Qxe3 36. Rxe3 Rc2 37. f3 Rd2 38. Rb3 Bc6 39. Ne7+ Kf7 40. Nxc6 bxc6 41. Rb6 Rxd4 42. Rxc6 Ra4 43. Rxa6 Rxa3 44. Kg3 Kf6 45. Ra8 Kg5 46. Ra7 f4+ 47. Kh2 Kxh5 48. Rxg7 Rxa5 49. Rg4 e5 50. Rg8 Ra1 51. Rg7 Re1 52. Rg8 Re2 53. Kh3 Re1 54. Kh2 Ra1 0-1


[Site "https://www.chess.com"]

[Event "Titled Tuesday Blitz July 11 Late 2023"]
[White "Garcia Ramos, Daniel"]
[Black "Kollars, Dmitrij"]
[WhiteFideId "32010311"]
[BlackFideId "12909572"]
[WhiteElo "2614"]
[BlackElo "2970"]
[Result "0-1"]
[Round "6"]
[TimeControl "180+2"]
[Date "2023.07.11"]
[WhiteClock "0:00:04"]
[BlackClock "0:00:55"]
[Board "29"]

1. e4 c5 2. Nf3 Nc6 3. d4 cxd4 4. Nxd4 Nf6 5. Nc3 e6 6. Ndb5 Bc5 7. Bf4 O-O 8. Bc7 Qe7 9. Bd6 Bxd6 10. Qxd6 Qd8 11. O-O-O Ne8 12. Qg3 a6 13. Nd4 Nxd4 14. Rxd4 b5 15. Be2 Bb7 16. Rhd1 Bc6 17. e5 f5 18. Bf3 Bxf3 19. Qxf3 Ra7 20. h4 Rc7 21. g3 Qe7 22. Qd3 Rf7 23. Rd6 b4 24. Ne2 a5 25. Nf4 a4 26. Kb1 a3 27. Qd4 axb2 28. Rb6 Qc5 29. Qxc5 Rxc5 30. Rb8 Re7 31. Nd3 Rd5 32. Kxb2 Kf7 33. Rxb4 d6 34. c4 Ra5 35. Rb5 Ra6 36. Kb3 Rea7 37. Nb4 Ra3+ 38. Kb2 dxe5 39. Rxe5 Rf3 40. Rd2 Nf6 41. Nc6 Ra6 42. Nd8+ Ke7 43. Nb7 Ne4 44. Re2 Rfa3 45. Ka1 Nc3 46. Rxe6+ Rxe6 47. Rxe6+ Kxe6 48. Kb2 Ra7 49. Nc5+ Kd6 50. Nd3 Ne4 51. f3 Nxg3 52. Kb3 Ne2 53. c5+ Kd5 54. a4 Nd4+ 55. Kb4 Rb7+ 56. Kc3 Rb3+ 57. Kd2 Nxf3+ 58. Ke3 Ne5 59. Kf4 Rxd3 60. Kxf5 Rf3+ 61. Kg5 h6+ 62. Kh5 Rf5# 0-1


[Site "https://www.chess.com"]